[Event "73rd ARM-chW Highest League 2018"]
[Site "Yerevan"]
[Date "2018.01.17"]
[Round "6"]
[White "Asatryan, Sona"]
[Black "Sargsyan, Anna M."]
[Result "1/2-1/2"]
[ECO "C47"]
[WhiteElo "2111"]
[BlackElo "2214"]
[Annotator "NA RC"]
[PlyCount "102"]
[EventDate "2018.??.??"]
[EventType "tourn"]
[EventCountry "ARM"]
[SourceTitle "playchess.com"]
[Source "ChessBase"]
[SourceQuality "1"]
[TimeControl "40/5400+30:1800+30"]

1. e4 e5 2. Nf3 Nf6 3. Nc3 Nc6 4. d4 exd4 5. Nxd4 Bb4 6. Nxc6 bxc6 7. Bd3 d5 8. exd5 O-O 9. O-O cxd5 10. Bg5 c6 11. Qf3 {LiveBook: 1108 Games} ({Much worse is} 11. Bxf6 Qxf6 12. Ne2 Bd6 $17) 11... a5 {C47: Scotch Four Knights and Four Knights with 4 g3} 12. Ne2 h6 13. Bxf6 Qxf6 14. Qxf6 gxf6 {[#]} 15. Nd4 $146 ({Find the theoretical novelty and annotate with similar games:} 15. Ng3 Re8 16. Nh5 Be7 17. Rae1 Be6 18. Re3 Rab8 19. b3 Kf8 20. h3 c5 21. Rf3 c4 22. Bf5 {½-½ (73) Ni,H (2710)-Naiditsch,A (2678) Beijing 2008}) 15... c5 16. Nb5 Rb8 17. c4 Rd8 18. Rfd1 Bg4 19. f3 dxc4 20. Bxc4 Bf5 21. Nd6 Bc2 22. Rd5 a4 23. Rc1 Bg6 24. g4 Kf8 25. Rcd1 Ba5 26. Nb5 Bc2 27. Rxd8+ $1 Rxd8 28. Rxd8+ Bxd8 29. Kf2 f5 $1 30. Nd6 fxg4 31. Nxf7 Bc7 32. Nxh6 gxf3 33. Kxf3 Kg7 34. Ng4 Kg6 35. Ne3 Bb1 36. Nd5 Bxh2 37. Nc3 Bc2 38. Ke3 a3 39. bxa3 Kf6 40. Bd3 Bg1+ 41. Ke4 Bxd3+ 42. Kxd3 Ke6 43. a4 ({White should play} 43. Kc4 $16) 43... Kd6 44. Kc4 Kc6 45. Nd5 Bf2 46. Nf4 Kb6 47. Nd3 Bd4 48. a5+ Kxa5 $11 49. Nxc5 Bxc5 50. Kxc5 Ka4 51. a3 Kxa3 1/2-1/2

[Event "73rd ARM-chW Highest League 2018"]
[Site "Yerevan"]
[Date "2018.01.17"]
[Round "6"]
[White "Arakelyan, Nare"]
[Black "Mkrtchyan, Mariam"]
[Result "1-0"]
[ECO "B12"]
[WhiteElo "1747"]
[BlackElo "1834"]
[Annotator "NA RC"]
[PlyCount "79"]
[EventDate "2018.??.??"]
[EventType "tourn"]
[EventCountry "ARM"]
[SourceTitle "playchess.com"]
[Source "ChessBase"]
[SourceQuality "1"]
[TimeControl "40/5400+30:1800+30"]

1. e4 c6 2. d4 d5 3. e5 Bf5 4. h4 h5 5. Bd3 Bxd3 6. Qxd3 e6 7. Bg5 {[%emt 0:00:07] B12: Caro-Kann (Vorstoß-Variante)} Qb6 {[%emt 0:05:35] LiveBook: 144 Games} (7... Be7 8. Nf3 c5 9. dxc5 Nd7 10. b4 Bxg5 11. hxg5 Ne7 12. Nc3 a5 13. Nb5 axb4 14. Nd6+ Kf8 {½-½ (52) Nepomniachtchi,I (2729)-Laznicka,V (2647) Riadh 2017}) 8. Nd2 c5 9. c4 Qa6 10. Ngf3 Nc6 11. O-O $146 ({Vorgänger:} 11. dxc5 Bxc5 12. O-O Nh6 13. a3 Ng4 14. Rae1 Be7 {1-0 (30) Lopez Martinez,J (2552)-Guerra Mendez,J (2542) Barcelona 2017}) 11... Nge7 (11... cxd4 $14 12. Rfe1 (12. Nxd4 Nxe5 13. Qb3 dxc4 $11) 12... Rc8) 12. Qc3 cxd4 13. Nxd4 Nxd4 14. Qxd4 Nc6 15. Qf4 Be7 16. cxd5 exd5 17. Rfe1 O-O 18. Bxe7 Nxe7 19. Qg5 Nc6 20. Nf3 Rae8 21. Qxh5 Nb4 22. Nd4 Qh6 23. Qxh6 gxh6 24. Re3 Nc6 25. Nxc6 bxc6 26. Rc1 Re6 27. Rec3 Rxe5 28. Rxc6 Rd8 29. Rxh6 d4 $16 30. Rhc6 Kg7 {[%emt 0:02:50] [#]} (30... Re2 $16) 31. R6c2 (31. Kf1 $1 $18 {and White stays clearly on top.}) 31... Rdd5 32. Rd1 Re4 33. g3 a5 34. Rcd2 f5 35. f3 Re3 36. Kf2 Rde5 37. Rxd4 Re2+ 38. Kf1 Rxb2 39. R4d2 Rb4 40. Rd5 1-0

[Event "73rd ARM-chW Highest League 2018"]
[Site "Yerevan"]
[Date "2018.01.18"]
[Round "7"]
[White "Galojan, Lilit"]
[Black "Asatryan, Sona"]
[Result "1-0"]
[ECO "E17"]
[WhiteElo "2300"]
[BlackElo "2111"]
[Annotator "NA RC"]
[PlyCount "87"]
[EventDate "2018.??.??"]
[EventType "tourn"]
[EventCountry "ARM"]
[SourceTitle "playchess.com"]
[Source "ChessBase"]
[SourceQuality "1"]
[TimeControl "40/5400+30:1800+30"]

1. d4 Nf6 2. Nf3 e6 3. c4 b6 4. g3 Bb7 5. Bg2 {[%emt 0:00:06] LiveBook: 8609 Games} Be7 6. O-O O-O 7. Re1 a5 {[%emt 0:00:43] E17: Queen's Indian: 4 g3 Bb7 5 Bg2 Be7} (7... Na6 8. Ne5 Bxg2 9. Kxg2 c5 10. d5 Qc7 11. Nf3 Ne4 12. a3 f5 13. Qd3 Qb7 14. Nbd2 Nxd2 15. Bxd2 Bf6 {0-1 (38) Mamedyarov,S (2799)-Korobov,A (2652) Huaian 2017}) 8. Nc3 Ne4 9. Qc2 Nxc3 10. bxc3 f5 11. Ne5 Bxg2 12. Kxg2 d6 13. Nf3 $146 ({Predecessor:} 13. Nd3 Bg5 14. Bxg5 Qxg5 15. c5 bxc5 {½-½ (52) Aranaz Murillo,A (2162)-Alcaraz Ortega,J (2247) Padrun 2011}) 13... a4 14. h4 ({Better is} 14. e4 $14) 14... Ra5 15. Ba3 Nd7 16. Rad1 Qe8 17. e4 Qh5 18. e5 f4 19. Qe2 Rf7 {[%emt 0:03:59] [#]} 20. Rd3 ({Günstiger ist} 20. Bb4 $1 $16) 20... Qg6 21. Bb4 fxg3 22. fxg3 Ra8 23. exd6 Bxd6 24. Bxd6 cxd6 25. Ng5 Re7 26. Nxe6 Rae8 27. Re3 Nf8 {[%emt 0:01:10] [#]} 28. d5 $1 Nd7 {[%emt 0:01:03] [#]} 29. Re4 (29. h5 $1 $18 Qh6 30. Rf1) 29... Rc8 30. Rf1 Nf6 31. Ref4 h6 32. Rf5 b5 33. h5 Qg4 34. Qxg4 Nxg4 35. Rf8+ Rxf8 36. Rxf8+ Kh7 37. cxb5 Ne3+ 38. Kf3 Nxd5 39. Nf4 Nxf4 40. Rxf4 Rb7 41. Rb4 g6 42. Ke4 gxh5 43. b6 Kg6 44. Kd5 $18 1-0

[Event "73rd ARM-chW Highest League 2018"]
[Site "Yerevan"]
[Date "2018.01.18"]
[Round "7"]
[White "Gaboyan, Susanna"]
[Black "Kursova, Maria"]
[Result "0-1"]
[ECO "A45"]
[WhiteElo "2168"]
[BlackElo "2249"]
[Annotator "ChessBase"]
[PlyCount "118"]
[EventDate "2018.??.??"]
[EventType "tourn"]
[EventCountry "ARM"]
[SourceTitle "playchess.com"]
[Source "ChessBase"]
[SourceQuality "1"]
[TimeControl "40/5400+30:1800+30"]

1. d4 Nf6 2. Bg5 e6 3. e4 h6 4. Bxf6 Qxf6 5. Nc3 Bb4 6. Qd2 d6 7. f4 e5 8. Nge2 exd4 9. Qxd4 Qxd4 10. Nxd4 Nc6 11. O-O-O Nxd4 12. Rxd4 Bxc3 13. bxc3 Ke7 14. Bc4 Be6 15. Bb3 c5 16. Rd2 c4 17. f5 cxb3 18. fxe6 bxa2 19. Kb2 Kxe6 20. Rhd1 Rhd8 21. Rd5 f6 22. Kxa2 Rac8 23. Kb3 Rc6 24. c4 Rdc8 25. g4 R8c7 26. R1d4 Rb6+ 27. Kc3 Rcc6 28. h4 Rb1 29. g5 hxg5 30. hxg5 b5 31. gxf6 gxf6 32. Kd2 bxc4 33. Kc3 Re1 34. Ra5 Re3+ 35. Kb4 a6 36. Rxc4 Rb6+ 37. Ka4 Re1 38. Rc3 Rxe4+ 39. Ka3 Re5 40. Ra4 Rc5 41. Re3+ Kf7 42. c3 f5 43. Rh4 Ra5+ 44. Ra4 Rxa4+ 45. Kxa4 Kf6 46. Ka5 Rc6 47. Kb4 f4 48. Re8 Kf5 49. c4 Kg4 50. Rg8+ Kf3 51. Rg6 Ke3 52. Kc3 f3 53. Re6+ Kf2 54. Kd3 a5 55. c5 Rxc5 56. Rxd6 Re5 57. Kd2 Kg2 58. Rg6+ Kf1 59. Rg4 f2 0-1

[Event "73rd ARM-chW Highest League 2018"]
[Site "Yerevan"]
[Date "2018.01.18"]
[Round "7"]
[White "Mkrtchyan, Mariam"]
[Black "Khachatryan, Anna"]
[Result "1/2-1/2"]
[ECO "D78"]
[WhiteElo "1834"]
[BlackElo "2004"]
[Annotator "NA RC"]
[PlyCount "62"]
[EventDate "2018.??.??"]
[EventType "tourn"]
[EventCountry "ARM"]
[SourceTitle "playchess.com"]
[Source "ChessBase"]
[SourceQuality "1"]
[TimeControl "40/5400+30:1800+30"]

1. d4 d5 2. Nf3 Nf6 3. g3 g6 4. Bg2 Bg7 5. O-O O-O 6. c4 c6 7. Ne5 Be6 {[%emt 0:06:30] LiveBook: 14 Games} 8. Nd2 {[%emt 0:06:07] D78: Fianchetto Grünfeld: 6 0-0 c6} Ng4 $146 ({Predecessor:} 8... Nbd7 9. cxd5 cxd5 {½-½ (9) Kurajica,B (2555)-Neverov,V (2587) Ljubljana 2002}) 9. cxd5 cxd5 10. Nef3 Nc6 11. Nb3 b6 12. Bf4 Rc8 13. Rc1 Nf6 14. Ne5 Nxe5 15. dxe5 Rxc1 16. Bxc1 Ne4 17. Nd4 Qc8 ({Black should play} 17... Bxe5 $11 18. Nxe6 fxe6) 18. f3 Nc5 19. b4 Nb7 (19... Na6 $142) 20. Nxe6 Qxe6 21. f4 Rd8 22. Qb3 (22. Qd3 $142) 22... Qc6 23. Bb2 e6 24. Rc1 Qb5 25. e3 Bf8 26. Rc7 Rb8 27. Ba3 $11 Na5 28. Qc3 Nc4 29. Bf1 a5 30. Bxc4 dxc4 31. Rxc4 Qa4 1/2-1/2

[Event "73rd ARM-chW Highest League 2018"]
[Site "Yerevan"]
[Date "2018.01.19"]
[Round "8"]
[White "Gevorgyan, Maria"]
[Black "Galojan, Lilit"]
[Result "1-0"]
[ECO "B35"]
[WhiteElo "2258"]
[BlackElo "2300"]
[Annotator "NA"]
[PlyCount "69"]
[EventDate "2018.??.??"]
[EventType "tourn"]
[EventCountry "ARM"]
[SourceTitle "playchess.com"]
[Source "ChessBase"]
[SourceQuality "1"]
[TimeControl "40/5400+30:1800+30"]

1. e4 c5 2. Nf3 Nc6 3. Nc3 g6 4. d4 cxd4 5. Nxd4 Bg7 6. Be3 Nf6 7. Bc4 O-O 8. f3 Qb6 9. a3 Qc5 10. Bb3 Qa5 11. Qd2 e6 12. O-O-O a6 13. g4 b5 14. Nxc6 dxc6 15. h4 Nd7 16. h5 Bxc3 17. bxc3 Qxa3+ 18. Kb1 Ne5 19. Qh2 Nc4 20. Bxc4 bxc4 21. hxg6 h5 22. Bc1 Qa5 23. Qxh5 Rb8+ 24. Bb2 Qxh5 25. gxh5 fxg6 26. Rdg1 Rb7 27. Rxg6+ Rg7 28. Ba3 Rxf3 29. Rd1 Bb7 30. Rxe6 Rgf7 31. Rd8+ Kh7 32. Bc5 a5 33. Bd4 Rf8 34. Re7+ R3f7 35. Rxf7+ 1-0

[Event "73rd ARM-chW Highest League 2018"]
[Site "Yerevan"]
[Date "2018.01.19"]
[Round "8"]
[White "Kursova, Maria"]
[Black "Sargsyan, Anna M."]
[Result "1-0"]
[ECO "D44"]
[WhiteElo "2249"]
[BlackElo "2214"]
[Annotator "NA"]
[PlyCount "105"]
[EventDate "2018.??.??"]
[EventType "tourn"]
[EventCountry "ARM"]
[SourceTitle "playchess.com"]
[Source "ChessBase"]
[SourceQuality "1"]
[TimeControl "40/5400+30:1800+30"]

1. d4 d5 2. Nf3 Nf6 3. c4 c6 4. Nc3 e6 5. Bg5 dxc4 6. a4 Bb4 7. e4 Bxc3+ 8. bxc3 Qa5 9. e5 Ne4 10. Bd2 Qd5 11. Qc2 b5 12. Be2 f5 13. exf6 gxf6 14. Bf4 Nd7 15. Nh4 f5 16. Bh5+ Ke7 17. O-O Rg8 18. Bf3 Ndf6 19. Rfe1 Bb7 20. Be5 c5 21. Rad1 Ng4 22. Bg3 Rad8 23. axb5 cxd4 24. Rxd4 Qxb5 25. Bxg4 Rxd4 26. cxd4 Qb3 27. Bd1 Qb4 28. Re3 c3 29. Nf3 Bd5 30. Be5 a5 31. Ne1 a4 32. Qxa4 Qxa4 33. Bxa4 Ra8 34. Bc2 Ra1 35. f3 Nd2 36. Kf2 Ra3 37. Bf4 Kd7 38. g4 fxg4 39. fxg4 Ra2 40. Kg1 Nf3+ 41. Nxf3 Rxc2 42. Ne1 Rd2 43. Rxc3 Rxd4 44. Bg3 Rxg4 45. Rc7+ Ke8 46. Rxh7 Rd4 47. Kf2 Kf8 48. Nf3 Ra4 49. Ne5 Kg8 50. Rc7 Rb4 51. Ng6 Rb7 52. Ne7+ Kf8 53. Nxd5 1-0

[Event "73rd ARM-chW Highest League 2018"]
[Site "Yerevan"]
[Date "2018.01.19"]
[Round "8"]
[White "Khachatryan, Anna"]
[Black "Asatryan, Sona"]
[Result "1/2-1/2"]
[ECO "A05"]
[WhiteElo "2004"]
[BlackElo "2111"]
[Annotator "NA"]
[PlyCount "86"]
[EventDate "2018.??.??"]
[EventType "tourn"]
[EventCountry "ARM"]
[SourceTitle "playchess.com"]
[Source "ChessBase"]
[SourceQuality "1"]
[TimeControl "40/5400+30:1800+30"]

1. Nf3 Nf6 2. g3 e6 3. Bg2 d5 4. O-O Nbd7 5. d3 c5 6. Nbd2 Be7 7. e4 O-O 8. e5 Ne8 9. Re1 Nc7 10. Nf1 b5 11. h4 Rb8 12. Bf4 Rb6 13. N1h2 f5 14. exf6 gxf6 15. Nd2 e5 16. Bh6 Rf7 17. Qh5 Bf8 18. Ng4 Re7 19. f4 Qe8 20. Qxe8 Rxe8 21. fxe5 fxe5 22. Bxf8 Kxf8 23. Nf3 Rg6 24. Ngxe5 Nxe5 25. Nxe5 Rxg3 26. Kh2 Rg7 27. Rf1+ Kg8 28. Rae1 Rge7 29. Nf3 d4 30. Rxe7 Rxe7 31. Re1 Rxe1 32. Nxe1 Be6 33. a3 Nd5 34. Bxd5 Bxd5 35. Kg3 Kf7 36. Kf4 Kf6 37. Nf3 Bxf3 38. Kxf3 Kf5 39. Kg3 a5 40. b3 h5 41. Kf3 Ke5 42. Kg3 a4 43. bxa4 bxa4 1/2-1/2

[Event "73rd ARM-chW Highest League 2018"]
[Site "Yerevan"]
[Date "2018.01.19"]
[Round "8"]
[White "Mkrtchyan, Mariam"]
[Black "Ghukasyan, Siranush"]
[Result "0-1"]
[ECO "D30"]
[WhiteElo "1834"]
[BlackElo "2166"]
[Annotator "NA"]
[PlyCount "54"]
[EventDate "2018.??.??"]
[EventType "tourn"]
[EventCountry "ARM"]
[SourceTitle "playchess.com"]
[Source "ChessBase"]
[SourceQuality "1"]
[TimeControl "40/5400+30:1800+30"]

1. d4 d5 2. c4 e6 3. Nf3 Nf6 4. g3 Bb4+ 5. Bd2 Bd6 6. Bg2 c6 7. Qc2 Nbd7 8. O-O O-O 9. Bg5 h6 10. Bxf6 Qxf6 11. Nbd2 Bc7 12. e4 dxe4 13. Nxe4 Qe7 14. Rad1 f5 15. Nc3 e5 16. Rfe1 e4 17. Nd2 Qf7 18. Qb3 c5 19. d5 Ne5 20. f3 Nd3 21. Re2 Be5 22. fxe4 Bd4+ 23. Kh1 f4 24. Rf1 Bg4 25. Bf3 fxg3 26. hxg3 Bh3 27. Qd1 Nxb2 0-1

[Event "73rd ARM-chW Highest League 2018"]
[Site "Yerevan"]
[Date "2018.01.19"]
[Round "8"]
[White "Arakelyan, Nare"]
[Black "Gaboyan, Susanna"]
[Result "0-1"]
[ECO "B24"]
[WhiteElo "1747"]
[BlackElo "2168"]
[Annotator "NA"]
[PlyCount "106"]
[EventDate "2018.??.??"]
[EventType "tourn"]
[EventCountry "ARM"]
[SourceTitle "playchess.com"]
[Source "ChessBase"]
[SourceQuality "1"]
[TimeControl "40/5400+30:1800+30"]

1. e4 c5 2. Nc3 Nc6 3. Bb5 g6 4. Bxc6 dxc6 5. d3 e5 6. h3 f6 7. Be3 Nh6 8. Qd2 Nf7 9. Nge2 g5 10. Ng3 Be6 11. Qe2 Rg8 12. O-O-O Qd7 13. Nh5 Rg6 14. g4 O-O-O 15. Kb1 b6 16. Na4 Nd6 17. Ng3 Nb5 18. Rd2 Qf7 19. b3 Rg8 20. Ka1 Nd4 21. Qd1 Qb7 22. c3 Qa6 23. cxd4 exd4 24. Bxg5 fxg5 25. Nf5 b5 26. Nb2 Qb7 27. h4 h6 28. hxg5 hxg5 29. Rh5 a5 30. Qc1 Bxf5 31. gxf5 Bd6 32. Re2 Qc7 33. Qh1 Be5 34. Rc2 Qe7 35. Rh6 Rh8 36. Rc1 Kc7 37. Rg1 Rxh6 38. Qxh6 Rh8 39. Qg6 Bf6 40. Kb1 Qf8 41. e5 Rh6 42. exf6 Rxg6 43. fxg6 Qxf6 44. Rg4 Qxg6 45. f4 c4 46. bxc4 bxc4 47. Rxg5 Qh7 48. f5 Qh1+ 49. Kc2 Qh2+ 50. Kb1 c3 51. Nc4 c2+ 52. Kb2 c1=Q+ 53. Kxc1 Qf4+ 0-1

[Event "73rd ARM-chW Highest League 2018"]
[Site "Yerevan"]
[Date "2018.01.20"]
[Round "9"]
[White "Galojan, Lilit"]
[Black "Kursova, Maria"]
[Result "1/2-1/2"]
[ECO "A04"]
[WhiteElo "2300"]
[BlackElo "2249"]
[Annotator "NA"]
[PlyCount "35"]
[EventDate "2018.??.??"]
[EventType "tourn"]
[EventCountry "ARM"]
[SourceTitle "playchess.com"]
[Source "ChessBase"]
[SourceQuality "1"]
[TimeControl "40/5400+30:1800+30"]

1. Nf3 c5 2. e3 Nf6 3. d4 e6 4. Bd3 d5 {[%emt 0:11:30] LiveBook: 1162 Games} 5. O-O $11 Nc6 6. c3 Be7 7. Nbd2 Qc7 8. a3 b6 9. b4 O-O 10. Bb2 Bb7 11. Rc1 c4 12. Bc2 b5 13. a4 a5 14. axb5 Na7 15. bxa5 Nxb5 16. Ra1 Rxa5 17. Rxa5 Qxa5 18. Qa1 1/2-1/2

[Event "73rd ARM-chW Highest League 2018"]
[Site "Yerevan"]
[Date "2018.01.20"]
[Round "9"]
[White "Sargsyan, Anna M."]
[Black "Arakelyan, Nare"]
[Result "0-1"]
[ECO "E68"]
[WhiteElo "2214"]
[BlackElo "1747"]
[Annotator "NA"]
[PlyCount "80"]
[EventDate "2018.??.??"]
[EventType "tourn"]
[EventCountry "ARM"]
[SourceTitle "playchess.com"]
[Source "ChessBase"]
[SourceQuality "1"]
[TimeControl "40/5400+30:1800+30"]

1. d4 Nf6 2. Nf3 g6 3. c4 Bg7 4. g3 O-O 5. Bg2 d6 6. Nc3 Nbd7 7. O-O {[%emt 0:00:01] LiveBook: 7931 Games} e5 8. e4 exd4 9. Nxd4 Re8 10. h3 a6 11. Be3 Rb8 12. b3 {[%emt 0:00:23] E68: King's Indian: Fianchetto: 6...Nbd7 7 0-0 e5 8 e4} (12. a4 a5 13. Qc2 c6 14. Rad1 Qc7 15. f4 Nc5 16. g4 Bd7 17. f5 Rbc8 18. g5 Nfxe4 19. Bxe4 d5 20. Bf4 Qb6 21. f6 Bf8 {½-½ (55) Ding,L (2777)-Mamedyarov,S (2799) Huaian 2017}) 12... Qe7 13. Rc1 c5 14. Nde2 b5 15. Bf4 $146 ({Predecessor:} 15. cxb5 axb5 16. Nf4 b4 17. Ncd5 Qd8 18. Qc2 Nxd5 19. Nxd5 Nb6 20. Nxb6 Rxb6 {½-½ (116) Mikaelyan,A (2448)-Nenezic,M (2469) Yerevan 2015}) 15... Rb6 16. g4 h6 17. Ng3 Ne5 $16 18. g5 hxg5 19. Bxg5 Rb7 20. Nd5 Qe6 21. f4 Nh7 22. f5 Qd7 23. Be3 bxc4 24. bxc4 Rb2 25. Rc2 Qb7 26. Qe2 Rb1 27. Rxb1 Qxb1+ 28. Rc1 Qd3 29. Qf2 Bb7 30. Nf4 Qa3 31. Bf1 Ng5 32. Bg2 Bc6 33. Nfe2 Nd3 34. Qf1 Nxe4 35. Rb1 Nxg3 36. Nxg3 Bxg2 37. Qxg2 Rxe3 38. Rb8+ Kh7 39. fxg6+ fxg6 40. Rb7 Nf4 0-1

[Event "73rd ARM-chW Highest League 2018"]
[Site "Yerevan"]
[Date "2018.01.20"]
[Round "9"]
[White "Gaboyan, Susanna"]
[Black "Mkrtchyan, Mariam"]
[Result "1-0"]
[ECO "A05"]
[WhiteElo "2168"]
[BlackElo "1834"]
[Annotator "NA"]
[PlyCount "85"]
[EventDate "2018.??.??"]
[EventType "tourn"]
[EventCountry "ARM"]
[SourceTitle "playchess.com"]
[Source "ChessBase"]
[SourceQuality "1"]
[TimeControl "40/5400+30:1800+30"]

1. Nf3 Nf6 2. g3 b6 3. Bg2 Bb7 4. O-O e6 5. d3 d5 6. Nbd2 Be7 7. b3 O-O 8. Bb2 Nbd7 9. Re1 Nc5 10. a4 a5 11. Ne5 Nfd7 12. e4 Nxe5 13. Bxe5 dxe4 14. Nxe4 Nxe4 15. dxe4 f6 16. Bc3 $11 Qxd1 17. Raxd1 e5 18. Bh3 Rfd8 19. Bd7 Bd6 20. Be6+ Kf8 21. Bd5 c6 22. Bc4 Ke7 23. f4 Ba6 24. Bxa6 Rxa6 25. f5 Ra7 26. Kg2 Rad7 27. Rd2 Bb4 28. Bxb4+ axb4 29. Rxd7+ Rxd7 30. Kf3 Rd4 31. Ke3 Kd6 32. Ra1 Kc7 33. g4 h6 34. h4 c5 35. g5 hxg5 36. hxg5 c4 37. Rh1 fxg5 38. bxc4 Rxc4 39. Rh7 Rxc2 40. f6 Rc3+ 41. Kd2 Kd6 42. fxg7 Rc8 43. Rh8 1-0

[Event "73rd ARM-chW Highest League 2018"]
[Site "Yerevan"]
[Date "2018.01.20"]
[Round "9"]
[White "Ghukasyan, Siranush"]
[Black "Khachatryan, Anna"]
[Result "1-0"]
[ECO "B31"]
[WhiteElo "2166"]
[BlackElo "2004"]
[Annotator "NA"]
[PlyCount "65"]
[EventDate "2018.??.??"]
[EventType "tourn"]
[EventCountry "ARM"]
[SourceTitle "playchess.com"]
[Source "ChessBase"]
[SourceQuality "1"]
[TimeControl "40/5400+30:1800+30"]

1. e4 c5 2. Nf3 Nc6 3. Bb5 g6 4. Bxc6 dxc6 5. d3 Bg7 6. h3 b6 7. O-O e5 8. a3 Ne7 9. Be3 Be6 10. b4 cxb4 11. axb4 h6 12. d4 exd4 13. Bxd4 O-O $14 14. Bxg7 Kxg7 15. Qe1 Qc8 16. Qc3+ Kh7 17. Nbd2 Rd8 18. Nd4 c5 19. Nxe6 Qxe6 20. b5 Qd7 21. Qb3 Kg8 22. Nf3 Qd6 23. Ra4 Nc8 24. Rfa1 Rb8 25. Qe3 Kg7 26. e5 Qe6 27. Rh4 Rh8 28. Rf4 Rb7 29. Rf6 Qd5 30. Qf4 Re8 31. Rc6 Rbe7 32. Rxc8 Rxc8 33. Qf6+ 1-0

[Event "73rd ARM-chW Highest League 2018"]
[Site "Yerevan"]
[Date "2018.01.20"]
[Round "9"]
[White "Asatryan, Sona"]
[Black "Gevorgyan, Maria"]
[Result "1-0"]
[ECO "B41"]
[WhiteElo "2111"]
[BlackElo "2258"]
[Annotator "NA"]
[PlyCount "91"]
[EventDate "2018.??.??"]
[EventType "tourn"]
[EventCountry "ARM"]
[SourceTitle "playchess.com"]
[Source "ChessBase"]
[SourceQuality "1"]
[TimeControl "40/5400+30:1800+30"]

1. e4 c5 2. Nf3 e6 3. d4 cxd4 4. Nxd4 a6 5. c4 Nf6 6. Nc3 Qc7 7. Be2 Bb4 8. Qd3 Nc6 9. Nxc6 dxc6 10. a3 Bd6 11. Bg5 Nd7 12. Rd1 Be5 13. g3 Bf6 14. Bxf6 Nxf6 15. e5 $1 Nd7 16. f4 O-O 17. Ne4 $18 f6 18. Nd6 Nc5 19. Qd4 b6 20. O-O a5 21. b4 axb4 22. axb4 Na6 23. c5 bxc5 24. bxc5 Rb8 25. Rb1 Rxb1 26. Rxb1 Qd7 27. Ra1 Nc7 28. Ra7 Qd8 29. exf6 gxf6 30. Qe4 Bd7 31. Qb4 Bc8 32. Qb6 Nd5 33. Qxc6 f5 34. Bf3 Nf6 35. Ra8 Nd5 36. Qxc8 Qxc8 37. Rxc8 Rxc8 38. Nxc8 Nb4 39. c6 Kf8 40. Nd6 Na6 41. Nb5 Ke7 42. Kg2 Nc5 43. Kh3 Kd8 44. Kh4 e5 45. fxe5 Nd3 46. Bd5 1-0